 Dungeon Crawl Stone Soup version 0.32-a0-306-gfed3edf829 (webtiles) character file.

Game seed: 17513912630886982516

438 lunkers the Chiller (level 7, -1/59 HPs)
             Began as an Oni Ice Elementalist on Feb 14, 2024.
             Slain by a wyvern (3 damage)
             ... on level 5 of the Dungeon.
             The game lasted 00:06:07 (3429 turns).

lunkers the Chiller (Oni Ice Elementalist)          Turns: 3429, Time: 00:06:07

Health: -1/59      AC: 10    Str: 19    XL:     7   Next: 1%
Magic:  7/14       EV:  9    Int: 18    God:
Gold:   241        SH:  0    Dex:  9    Spells: 9/16 levels left

rFire   . . .        m - +2 short sword (elec)
rCold   . . .        (no shield)
rNeg    . . .        a - +0 robe
rPois   .            (helmet restricted)
rElec   .            (no cloak)
rCorr   .            (gloves unavailable)
SInv    .            (boots unavailable)
Will    .....        (no amulet)
Stlth   +            e - +6 ring of strength
HPRegen 0.29/turn    (no ring)
MPRegen 0.14/turn

%: no passive effects
@: ice-armoured, weakened, freezing walls
A: large, unfitting armour, horns 1, tough skin 1, double potion healing,
drunken brawling
a: no special abilities


You were on level 5 of the Dungeon.
You visited 1 branch of the dungeon, and saw 5 of its levels.

You collected 241 gold pieces.

Inventory:

Hand Weapons
 m - a +2 short sword of electrocution (weapon)
Missiles
 h - a throwing net
Armour
 a - a +0 robe (worn)
Jewellery
 e - a +6 ring of strength (left hand)
Scrolls
 c - 2 scrolls of amnesia {unknown}
 i - a scroll of noise {unknown}
 k - a scroll of blinking {unknown}
 l - a scroll of fear {unknown}
 n - a scroll of torment {unknown}
 o - 2 scrolls of identify {unknown}
 p - a scroll of teleportation {unknown}
 q - a scroll of vulnerability {unknown}
 t - a scroll of enchant armour {unknown}
 v - a scroll of fog {unknown}
Potions
 b - a potion of magic
 d - 2 potions of cancellation {unknown}
 f - 2 potions of curing {unknown}
 g - a potion of mutation {unknown}
 j - a potion of brilliance {unknown}
 r - a potion of might {unknown}
 s - 2 potions of degeneration {unknown}
 u - a potion of attraction {unknown}


   Skills:
 - Level 1.7 Dodging
 - Level 1.4 Stealth
 + Level 5.0 Spellcasting
 * Level 6.4 Ice Magic


You had 9 spell levels left.
You knew the following spells:

 Your Spells              Type           Power      Damage    Failure   Level
a - Freeze                Ice            100%       1d10      1%          1
b - Frozen Ramparts       Ice            54%        1d9       3%          3
c - Ozocubu's Armour      Ice            27%        N/A       3%          3

Your spell library contained the following spells:

 Spells                   Type           Power      Damage    Failure   Level
 Summon Ice Beast         Ice/Summ       16%        N/A       11%         3
 Kiss of Death            Conj/Necr      16%        2d6       13%         1
 Summon Small Mammal      Summ           16%        N/A       13%         1
 Call Canine Familiar     Summ           4%         N/A       36%         3
 Confusing Touch          Hex            4%         N/A       36%         3
 Dispel Undead            Necr           4%         3d7       78%         4
 Summon Blazeheart Golem  Fire/Summ      4%         N/A       78%         4


Dungeon Overview and Level Annotations

Branches:
Dungeon (5/15)
 Temple: D:4-7

Altars:
Qazlal
The Shining One


Innate Abilities, Weirdness & Mutations

You are too large for most types of armour.
You have a pair of small horns on your head.
You have tough skin. (AC +1)
You gain doubled healing and magic from potions.
Whenever you drink a healing potion, you attack all around you.


Message History

Magic courses through your body.
The wall freezes the wyvern but does no damage.
The wall freezes the gnoll.
The wall freezes the gnoll!
You kill the gnoll!
The shadow imp resists.
The wall freezes the shadow imp.
You kill the shadow imp!
The gnoll bouda gazes fiercely through you!
You feel as though you will be weak longer.
Your Spellcasting skill increases to level 5!
You have reached level 7!
Casting: Freeze (safe; 1% risk of failure)
Confirm with . or Enter, or press ? or * to list all spells.
Okay, then.
Casting: Freeze (safe; 1% risk of failure)
Confirm with . or Enter, or press ? or * to list all spells.
A film of ice covers your body!
The frozen ramparts melt away.
The wyvern bites you!
* * * LOW HITPOINT WARNING * * *
The gnoll bouda gazes fiercely through you!
You feel as though you will be weak longer.
Unknown command.
Aiming: Freeze (safe; 1% risk of failure)
Press: ? - help, Q - select action, (/) - cycle Shift-Dir - straight line, f - wyvern
Aim: a wyvern (moderately wounded)
You freeze the wyvern.
The wyvern is heavily wounded.
The wyvern barely misses you.
The gnoll bouda calls upon its god to heal the gnoll.
The gnoll is healed somewhat.
Unknown command.
Casting: Freeze (safe; 1% risk of failure)
Confirm with . or Enter, or press ? or * to list all spells.
Casting: Frozen Ramparts (dangerous; 3% risk of failure)
Press: ? - help, Dir - look around, f - activate The walls around you are covered in ice.
The wall freezes the wyvern.
The wyvern closely misses you.
The wall freezes the gnoll.
A ribbon worm comes into view.
The wall freezes the wyvern.
The wyvern bites you.
You die...

#. #.### g.. #.
..w. ....
######.####.##gg..#
#........>........#
...........g.....#
.###..g)!.....#
#.#g####.### #.#k#
# #<#@# #.#.# #.#.#
#.#.# #.#.# #....
###.# .#.


You could see a wyvern, a gnoll bouda, a ribbon worm (wandering) and a gnoll
(swift).

Vanquished Creatures
  A bombardier beetle (D:3)
  A gnoll bouda (D:4)
  Natasha (thrice) (D:4)
  7 adders
  10 gnolls
  A shadow imp (D:5)
  2 ufetubi (D:4)
  A dart slug (D:4)
  7 orcs
  6 endoplasms
  2 giant cockroaches
  5 goblins
  5 hobgoblins
  3 jackals (D:3)
  5 kobolds
  3 ball pythons
  8 bats
  A frilled lizard (D:1)
  2 rats
73 creatures vanquished.

Notes
Turn   | Place    | Note
-------+----------+-------------------------------------------
     0 | D:1      | lunkers the Oni Ice Elementalist began the quest for the
                  | Orb.
     0 | D:1      | Reached XP level 1. HP: 16/16 MP: 3/3
   226 | D:1      | Reached XP level 2. HP: 20/24 MP: 1/5
   406 | D:1      | Reached skill level 4 in Ice Magic
   768 | D:2      | Reached XP level 3. HP: 30/31 MP: 2/7
   772 | D:2      | Learned a level 3 spell: Frozen Ramparts
   776 | D:2      | Learned a level 3 spell: Ozocubu's Armour
   978 | D:2      | Found a glowing golden altar of the Shining One.
  1366 | D:2      | Reached XP level 4. HP: 38/39 MP: 6/9
  2036 | D:3      | Reached skill level 5 in Ice Magic
  2036 | D:3      | Reached XP level 5. HP: 41/45 MP: 5/10
  2526 | D:4      | Reached XP level 6. HP: 36/53 MP: 3/12
  2893 | D:4      | Noticed Natasha
  2903 | D:4      | Killed Natasha
  2982 | D:4      | Reached skill level 6 in Ice Magic
  3160 | D:4      | Found a stormy altar of Qazlal.
  3163 | D:4      | Noticed Natasha
  3169 | D:4      | Killed Natasha
  3331 | D:4      | Noticed Natasha
  3338 | D:4      | Killed Natasha
  3401 | D:5      | Entered Level 5 of the Dungeon
  3411 | D:5      | Noticed a wyvern
  3427 | D:5      | Reached skill level 5 in Spellcasting
  3427 | D:5      | Reached XP level 7. HP: 10/59 MP: 14/14
  3427 | D:5      | HP: 1/59 [wyvern (9)]
  3429 | D:5      | Slain by a wyvern

Illustrated notes

Levels and vault maps discovered:
D:1:      spicycebolla_arrival_clurvy, layout_loops_ring
D:2:      layout_basic, basic_altar
D:3:      layout_basic
D:4:      layout_cave_pools, nicolae_qazlal_general_emergency, serial_glass,
          glass_columns_a, glass_columns_c, glass_columns_b, glass_columns_c,
          item_on_display_a, item_on_display_a, feat_on_display, uniq_natasha
D:5:      layout_loops_ring, mainiacjoe_overflow_paths, minmay_temple_entry_mist

Skill      XL: |  1  2  3  4  5  6 |
---------------+-------------------+-----
Ice Magic      | 4 5 6 |  6.4
Spellcasting   | 3 4 5 |  5.0
Dodging        | |  1.7
Stealth        | |  1.4

Action                     |  1- 3 |  4- 6 |  7- 9 || total
---------------------------+-------+-------+-------++-------
   Cast: Freeze            |    40 |    94 |     1 ||   135
         Frozen Ramparts   |       |     2 |     1 ||     3
         Ozocubu's Armour  |       |       |     1 ||     1
    Use: Potion            |       |     1 |       ||     1
 Armour: Robe              |    23 |    75 |     2 ||   100
  Dodge: Dodged            |    15 |    40 |     2 ||    57

Table legend: (Time is in decaauts)
 A = Elapsed time spent in this place.
 B = Non-inter-level travel time spent in this place.
 C = Inter-level travel time spent in this place.
 D = Time resting spent in this place.
 E = Time spent auto-exploring this place.
 F = Levels seen in this place.
 G = Mean time per level.
                   A        B        C        D        E       F      G
               +--------+--------+--------+--------+--------+-----+--------+
         Total |   3427 |   3330 |     97 |      0 |   2891 |   5 |  685.4 |
       Dungeon |   3427 |   3330 |     97 |      0 |   2891 |   5 |  685.4 |
               +--------+--------+--------+--------+--------+-----+--------+

Top non-repeatable levels by time:
     D:4: 971 daAuts
     D:3: 901 daAuts
     D:2: 765 daAuts
     D:1: 760 daAuts
     D:5: 27 daAuts
